Workbook

Sheet FY26
A1: GROSS REVENUE COMPARISONS
A2: FOR FISCAL YEAR 2026
A5: SALES & BUSINESS TAX COLLECTIONS | C5: JULY 2025 | D5: AUGUST 2025 | E5: SEPTEMBER 2025 | F5: OCTOBER 2025 | G5: NOVEMBER 2025 | H5: DECEMBER 2025 | I5: JANUARY 2026 | J5: FEBRUARY 2026 | K5: MARCH 2026 | L5: APRIL 2026 | M5: MAY 2026 | N5: JUNE 2026 | O5: TOTAL
A6: -------------------------------------------------------- | C6: - | D6: - | E6: - | F6: - | G6: - | H6: - | I6: - | J6: - | K6: - | L6: - | M6: - | N6: -
A7: 2% SALES TAX | C7: ='[1]REV PED 1'!B9 -> 1.4226886e+08 | D7: ='[1]REV PED 2'!B9 -> 1.6926157e+08 | E7: ='[1]REV PED 3'!B9 -> 152915226 | F7: ='[1]REV PED 4'!B9 -> 1.6214222e+08 | G7: ='[1]REV PED 5'!B9 -> 1.4988496e+08 | H7: ='[1]REV PED 6'!B9 -> 1.9384897e+08 | I7: ='[1]REV PED 7'!B9 -> 1.4627057e+08 | J7: ='[1]REV PED 8'!B9 -> 1.5603334e+08 | K7: ='[1]REV PED 9'!B9 -> 1.7963773e+08 | L7: ='[1]REV PED 10'!B9 -> 1.6150759e+08 | M7: ='[1]REV PED 11'!B9 -> 1.6625147e+08 | N7: ='[1]REV PED 12'!B9 -> 1.7583791e+08 | O7: =SUM(C7:N7) -> 1.9558604e+09
A8: 2.6% LOCAL SCHOOL SUPPORT TAX | C8: ='[1]REV PED 1'!B10 -> 1.7893814e+08 | D8: ='[1]REV PED 2'!B10 -> 2.122667e+08 | E8: ='[1]REV PED 3'!B10 -> 1.8851488e+08 | F8: ='[1]REV PED 4'!B10 -> 2.0406142e+08 | G8: ='[1]REV PED 5'!B10 -> 1.9151205e+08 | H8: ='[1]REV PED 6'!B10 -> 2.3765765e+08 | I8: ='[1]REV PED 7'!B10 -> 1.8455451e+08 | J8: ='[1]REV PED 8'!B10 -> 1.9374373e+08 | K8: ='[1]REV PED 9'!B10 -> 2.2191828e+08 | L8: ='[1]REV PED 10'!B10 -> 2.0089559e+08 | M8: ='[1]REV PED 11'!B10 -> 2.0660744e+08 | N8: ='[1]REV PED 12'!B10 -> 2.2304532e+08 | O8: =SUM(C8:N8) -> 2.4437157e+09
A9: 1/2% BASIC CITY/COUNTY RELIEF TAX | C9: ='[1]REV PED 1'!B11 -> 34403462 | D9: ='[1]REV PED 2'!B11 -> 40561469 | E9: ='[1]REV PED 3'!B11 -> 36198807 | F9: ='[1]REV PED 4'!B11 -> 38289610 | G9: ='[1]REV PED 5'!B11 -> 36597190 | H9: ='[1]REV PED 6'!B11 -> 44946666 | I9: ='[1]REV PED 7'!B11 -> 34935669 | J9: ='[1]REV PED 8'!B11 -> 36060653 | K9: ='[1]REV PED 9'!B11 -> 42485190 | L9: ='[1]REV PED 10'!B11 -> 38399846 | M9: ='[1]REV PED 11'!B11 -> 39372955 | N9: ='[1]REV PED 12'!B11 -> 42425588 | O9: =SUM(C9:N9) -> 4.6467711e+08
A10: 1 3/4% SUPPLEMENTAL CITY/COUNTY RELIEF TAX | C10: ='[1]REV PED 1'!B12 -> 1.2039967e+08 | D10: ='[1]REV PED 2'!B12 -> 1.419481e+08 | E10: ='[1]REV PED 3'!B12 -> 1.26695e+08 | F10: ='[1]REV PED 4'!B12 -> 1.3409592e+08 | G10: ='[1]REV PED 5'!B12 -> 1.2802622e+08 | H10: ='[1]REV PED 6'!B12 -> 1.5728598e+08 | I10: ='[1]REV PED 7'!B12 -> 1.2226475e+08 | J10: ='[1]REV PED 8'!B12 -> 1.262026e+08 | K10: ='[1]REV PED 9'!B12 -> 1.4864568e+08 | L10: ='[1]REV PED 10'!B12 -> 1.3438835e+08 | M10: ='[1]REV PED 11'!B12 -> 1.3779441e+08 | N10: ='[1]REV PED 12'!B12 -> 1.4916085e+08 | O10: =SUM(C10:N10) -> 1.6269075e+09
A11: COUNTY OPTIONAL TAX | C11: ='[1]REV PED 1'!B13 -> 94313775 | D11: ='[1]REV PED 2'!B13 -> 1.1017589e+08 | E11: ='[1]REV PED 3'!B13 -> 78126758 | F11: ='[1]REV PED 4'!B13 -> 1.2743249e+08 | G11: ='[1]REV PED 5'!B13 -> 95479374 | H11: ='[1]REV PED 6'!B13 -> 1.2615068e+08 | I11: ='[1]REV PED 7'!B13 -> 95895575 | J11: ='[1]REV PED 8'!B13 -> 99599363 | K11: ='[1]REV PED 9'!B13 -> 1.1608272e+08 | L11: ='[1]REV PED 10'!B13 -> 1.0515987e+08 | M11: ='[1]REV PED 11'!B13 -> 1.0840106e+08 | N11: ='[1]REV PED 12'!B13 -> 1.1428817e+08 | O11: =SUM(C11:N11) -> 1.2711057e+09
C12: - | D12: - | E12: - | F12: - | G12: - | H12: - | I12: - | J12: - | K12: - | L12: - | M12: - | N12: -
A13: SUBTOTAL SALES TAX | C13: =SUM(C7:C11) -> 5.7032391e+08 | D13: =SUM(D7:D11) -> 6.7421373e+08 | E13: =SUM(E7:E11) -> 5.8245068e+08 | F13: =SUM(F7:F11) -> 6.6602165e+08 | G13: =SUM(G7:G11) -> 6.0149979e+08 | H13: =SUM(H7:H11) -> 7.5988995e+08 | I13: =SUM(I7:I11) -> 5.8392108e+08 | J13: =SUM(J7:J11) -> 6.1163969e+08 | ... N13: =SUM(N7:N11) -> 7.0475783e+08 | O13: =SUM(C13:N13) -> 7762266493
A15: BUSINESS LICENSE FEE | C15: 0 | D15: 0 | E15: ='[1]REV PED 3'!B17 -> 13605.25 | F15: ='[1]REV PED 4'!B17 -> 0 | G15: ='[1]REV PED 5'!B17 -> 0 | H15: ='[1]REV PED 6'!B17 -> 52156.28 | I15: 0 | J15: 0 | K15: ='[1]REV PED 9'!B17 -> 4128.45 | L15: 0 | M15: 0 | N15: ='[1]REV PED 12'!B17 -> 75992.75 | O15: =SUM(C15:N15) -> 145882.73
A16: MODIFIED BUSINESS TAX | C16: 0 | D16: 0 | E16: ='[1]REV PED 3'!B18 -> 1.6582796e+08 | F16: ='[1]REV PED 4'!B18 -> 0 | G16: ='[1]REV PED 5'!B18 -> 0 | H16: ='[1]REV PED 6'!B18 -> 1.9092054e+08 | I16: 0 | J16: 0 | K16: ='[1]REV PED 9'!B18 -> 2.3245658e+08 | L16: 0 | M16: 0 | N16: ='[1]REV PED 12'!B18 -> 2.220991e+08 | O16: =SUM(C16:N16) -> 8.1130418e+08
C17: - | D17: - | E17: - | F17: - | G17: - | H17: - | I17: - | J17: - | K17: - | L17: - | M17: - | N17: -
A18: TOTAL SALES & BUSINESS TAX | C18: =SUM(C13:C16) -> 5.7032391e+08 | D18: =SUM(D13:D16) -> 6.7421373e+08 | E18: =SUM(E13:E16) -> 7.4829225e+08 | F18: =SUM(F13:F16) -> 6.6602165e+08 | G18: =SUM(G13:G16) -> 6.0149979e+08 | H18: =SUM(H13:H16) -> 9.5086265e+08 | I18: =SUM(I13:I16) -> 5.8392108e+08 | J18: =SUM(J13:J16) -> 6.1163969e+08 | ... N18: =SUM(N13:N16) -> 926932922 | O18: =SUM(C18:N18) -> 8.5737166e+09
A20: EXCISE TAXES COLLECTIONS
A21: ------------------------------------------------
A22: CIGARETTE TAX | C22: ='[1]REV PED 1'!B25 -> 6634917.5 | D22: ='[1]REV PED 2'!B25 -> 10126620 | E22: ='[1]REV PED 3'!B25 -> 1723607.5 | F22: ='[1]REV PED 4'!B25 -> 9049320 | G22: ='[1]REV PED 5'!B25 -> 9166476.4 | H22: ='[1]REV PED 6'!B25 -> 9489666.4 | I22: ='[1]REV PED 7'!B25 -> 10018890 | J22: ='[1]REV PED 8'!B25 -> 9157188 | K22: ='[1]REV PED 9'!B25 -> 8564535 | L22: ='[1]REV PED 10'!B25 -> 10136046 | M22: ='[1]REV PED 11'!B25 -> 10018890 | N22: ='[1]REV PED 12'!B25 -> 9587970 | O22: =SUM(C22:N22) -> 1.0367413e+08
A23: OTHER TOBACCO TAX | C23: ='[1]REV PED 1'!B26 -> 2825901.9 | D23: ='[1]REV PED 2'!B26 -> 2970153 | E23: ='[1]REV PED 3'!B26 -> 3464291.1 | F23: ='[1]REV PED 4'!B26 -> 2887273.3 | G23: ='[1]REV PED 5'!B26 -> 2912430.3 | H23: ='[1]REV PED 6'!B26 -> 6017617 | I23: ='[1]REV PED 7'!B26 -> 689330.02 | J23: ='[1]REV PED 8'!B26 -> 4756567.2 | K23: ='[1]REV PED 9'!B26 -> 3454625.4 | L23: ='[1]REV PED 10'!B26 -> 3612612.9 | M23: ='[1]REV PED 11'!B26 -> 3196290.1 | N23: ='[1]REV PED 12'!B26 -> 3321268 | O23: =SUM(C23:N23) -> 40108360
A24: LIQUOR TAX | C24: ='[1]REV PED 1'!B27 -> 2733254 | D24: ='[1]REV PED 2'!B27 -> 8144484.5 | E24: ='[1]REV PED 3'!B27 -> 4157885.6 | F24: ='[1]REV PED 4'!B27 -> 4341249.1 | G24: ='[1]REV PED 5'!B27 -> 3897831.5 | H24: ='[1]REV PED 6'!B27 -> 4223078.7 | I24: ='[1]REV PED 7'!B27 -> 3287873.1 | J24: ='[1]REV PED 8'!B27 -> 3756328.4 | K24: ='[1]REV PED 9'!B27 -> 4484995.1 | L24: ='[1]REV PED 10'!B27 -> 4344627.8 | M24: ='[1]REV PED 11'!B27 -> 4333509.1 | N24: ='[1]REV PED 12'!B27 -> 3643488.8 | O24: =SUM(C24:N24) -> 51348606
A25: INSURANCE PREMIUM TAX | C25: ='[1]REV PED 1'!B28 -> 0 | D25: ='[1]REV PED 2'!B28 -> 0 | E25: ='[1]REV PED 3'!B28 -> 1.5891147e+08 | F25: ='[1]REV PED 4'!B28 -> 0 | G25: ='[1]REV PED 5'!B28 -> 0 | H25: ='[1]REV PED 6'!B28 -> 1.7111366e+08 | I25: ='[1]REV PED 7'!B28 -> 0 | J25: ='[1]REV PED 8'!B28 -> 0 | K25: ='[1]REV PED 9'!B28 -> 1.7513713e+08 | L25: ='[1]REV PED 10'!B28 -> 0 | M25: ='[1]REV PED 11'!B28 -> 0 | N25: ='[1]REV PED 12'!B28 -> 1.9227136e+08 | O25: =SUM(C25:N25) -> 6.9743362e+08
A26: TIRE TAX | C26: ='[1]REV PED 1'!B29 -> 189639.58 | D26: ='[1]REV PED 2'!B29 -> 201584.67 | E26: ='[1]REV PED 3'!B29 -> 190257.98 | F26: ='[1]REV PED 4'!B29 -> 224116.66 | G26: ='[1]REV PED 5'!B29 -> 181097.35 | H26: ='[1]REV PED 6'!B29 -> 171435.49 | I26: ='[1]REV PED 7'!B29 -> 161273.05 | J26: ='[1]REV PED 8'!B29 -> 165551.25 | K26: ='[1]REV PED 9'!B29 -> 185045.61 | L26: ='[1]REV PED 10'!B29 -> 174504.93 | M26: ='[1]REV PED 11'!B29 -> 183165 | N26: ='[1]REV PED 12'!B29 -> 181870.07 | O26: =SUM(C26:N26) -> 2209541.6
A27: GOVERNMENTAL SERVICES TAX | C27: ='[1]REV PED 1'!B30 -> 0 | D27: ='[1]REV PED 2'!B30 -> 0 | E27: ='[1]REV PED 3'!B30 -> 16973894 | F27: ='[1]REV PED 4'!B30 -> 0 | G27: ='[1]REV PED 5'!B30 -> 0 | H27: ='[1]REV PED 6'!B30 -> 21774839 | I27: ='[1]REV PED 7'!B30 -> 0 | J27: ='[1]REV PED 8'!B30 -> 0 | K27: ='[1]REV PED 9'!B30 -> 29210758 | L27: ='[1]REV PED 10'!B30 -> 0 | M27: ='[1]REV PED 11'!B30 -> 0 | N27: ='[1]REV PED 12'!B30 -> 23153104 | O27: =SUM(C27:N27) -> 91112595
A28: LIVE ENTERTAINMENT TAX | C28: ='[1]REV PED 1'!B31 -> 8534430.6 | D28: ='[1]REV PED 2'!B31 -> 9709465.5 | E28: ='[1]REV PED 3'!B31 -> 11214509 | F28: ='[1]REV PED 4'!B31 -> 13838296 | G28: ='[1]REV PED 5'!B31 -> 12628959 | H28: ='[1]REV PED 6'!B31 -> 6526456.2 | I28: ='[1]REV PED 7'!B31 -> 11973304 | J28: ='[1]REV PED 8'!B31 -> 7870040.4 | K28: ='[1]REV PED 9'!B31 -> 16664088 | L28: ='[1]REV PED 10'!B31 -> 10504022 | M28: ='[1]REV PED 11'!B31 -> 11180542 | N28: ='[1]REV PED 12'!B31 -> 7301484.7 | O28: =SUM(C28:N28) -> 1.279456e+08
A29: BANK EXCISE TAX | C29: ='[1]REV PED 1'!B32 -> 0 | D29: ='[1]REV PED 2'!B32 -> 0 | E29: ='[1]REV PED 3'!B32 -> 297500 | F29: ='[1]REV PED 4'!B32 -> 0 | G29: ='[1]REV PED 5'!B32 -> 0 | H29: ='[1]REV PED 6'!B32 -> 464248.75 | I29: ='[1]REV PED 7'!B32 -> 0 | J29: ='[1]REV PED 8'!B32 -> 0 | K29: ='[1]REV PED 9'!B32 -> 572250 | L29: ='[1]REV PED 10'!B32 -> 0 | M29: ='[1]REV PED 11'!B32 -> 0 | N29: ='[1]REV PED 12'!B32 -> 656298.12 | O29: =SUM(C29:N29) -> 1990296.9
A30: Ggold | C30: ='[1]REV PED 1'!B33 -> 0 | D30: ='[1]REV PED 2'!B33 -> 0 | E30: ='[1]REV PED 3'!B33 -> 0 | F30: ='[1]REV PED 4'!B33 -> 0 | G30: ='[1]REV PED 5'!B33 -> 0 | H30: ='[1]REV PED 6'!B33 -> 1.2271777e+08 | I30: ='[1]REV PED 7'!B33 -> 0 | J30: ='[1]REV PED 8'!B33 -> 0 | K30: ='[1]REV PED 9'!B33 -> 0 | L30: ='[1]REV PED 10'!B33 -> 0 | M30: ='[1]REV PED 11'!B33 -> 0 | N30: ='[1]REV PED 12'!B33 -> 0 | O30: =SUM(C30:N30) -> 1.2271777e+08
A31: REAL PROPERTY TRANSFER TAX | C31: ='[1]REV PED 1'!B34 -> 0 | D31: ='[1]REV PED 2'!B34 -> 0 | E31: ='[1]REV PED 3'!B34 -> 30590862 | F31: ='[1]REV PED 4'!B34 -> 0 | G31: ='[1]REV PED 5'!B34 -> 0 | H31: ='[1]REV PED 6'!B34 -> 30141782 | I31: ='[1]REV PED 7'!B34 -> 0 | J31: ='[1]REV PED 8'!B34 -> 0 | K31: ='[1]REV PED 9'!B34 -> 27761285 | L31: ='[1]REV PED 10'!B34 -> 0 | M31: ='[1]REV PED 11'!B34 -> 0 | N31: ='[1]REV PED 12'!B34 -> 32533204 | O31: =SUM(C31:N31) -> 1.2102713e+08
A32: LODGING TAX
A33: 3/8% FOR TOURISM | C33: ='[1]REV PED 1'!B36 -> 3822995 | D33: ='[1]REV PED 2'!B36 -> 103611.92 | E33: ='[1]REV PED 3'!B36 -> 2898471.7 | F33: ='[1]REV PED 4'!B36 -> 5061101.2 | G33: ='[1]REV PED 5'!B36 -> 449131.53 | H33: ='[1]REV PED 6'!B36 -> 2491831.4 | I33: ='[1]REV PED 7'!B36 -> 2365782 | J33: ='[1]REV PED 8'!B36 -> 2500144.5 | K33: ='[1]REV PED 9'!B36 -> 2058096.6 | L33: ='[1]REV PED 10'!B36 -> 3497313.9 | M33: ='[1]REV PED 11'!B36 -> 2635474.1 | N33: ='[1]REV PED 12'!B36 -> 3259214.4 | O33: =SUM(C33:N33) -> 31143168
A34: 3% TO SCHOOL SUPPORT FUND | C34: ='[1]REV PED 1'!B37 -> 28375591 | D34: ='[1]REV PED 2'!B37 -> 206665.31 | E34: ='[1]REV PED 3'!B37 -> 17730167 | F34: ='[1]REV PED 4'!B37 -> 38184959 | G34: ='[1]REV PED 5'!B37 -> 2320877.4 | H34: ='[1]REV PED 6'!B37 -> 18278134 | I34: ='[1]REV PED 7'!B37 -> 17598561 | J34: ='[1]REV PED 8'!B37 -> 21647637 | K34: ='[1]REV PED 9'!B37 -> 16591872 | L34: ='[1]REV PED 10'!B37 -> 24669276 | M34: ='[1]REV PED 11'!B37 -> 19286247 | N34: ='[1]REV PED 12'!B37 -> 23547839 | O34: =SUM(C34:N34) -> 2.2843783e+08
A35: TRANSPORTATION CONNECTION TAX | C35: ='[1]REV PED 1'!B38 -> 3622439.9 | D35: ='[1]REV PED 2'!B38 -> 3734030.6 | E35: ='[1]REV PED 3'!B38 -> 4093731.4 | F35: ='[1]REV PED 4'!B38 -> 4049975.2 | G35: ='[1]REV PED 5'!B38 -> 3201189.9 | H35: ='[1]REV PED 6'!B38 -> 3636349.2 | I35: ='[1]REV PED 7'!B38 -> 3860212.3 | J35: ='[1]REV PED 8'!B38 -> 2894332.6 | K35: ='[1]REV PED 9'!B38 -> 4862785.5 | L35: ='[1]REV PED 10'!B38 -> 4015608.4 | M35: ='[1]REV PED 11'!B38 -> 4650493.2 | N35: ='[1]REV PED 12'!B38 -> 5101472.1 | O35: =SUM(C35:N35) -> 47722620
A36: COMMERCE TAX | C36: ='[1]REV PED 1'!B39 -> 37278415 | D36: ='[1]REV PED 2'!B39 -> 33765635 | E36: ='[1]REV PED 3'!B39 -> 18856596 | F36: ='[1]REV PED 4'!B39 -> 5189954.8 | G36: ='[1]REV PED 5'!B39 -> 4320748.6 | H36: ='[1]REV PED 6'!B39 -> 3053542.9 | I36: ='[1]REV PED 7'!B39 -> 2110613.6 | J36: ='[1]REV PED 8'!B39 -> 3415293.4 | K36: ='[1]REV PED 9'!B39 -> 2159428.5 | L36: ='[1]REV PED 10'!B39 -> 991173.55 | M36: ='[1]REV PED 11'!B39 -> 922400.75 | N36: ='[1]REV PED 12'!B39 -> 3.7005871e+08 | O36: =SUM(C36:N36) -> 4.8212251e+08
A37: REATIL CANNABIS TAX | C37: ='[1]REV PED 1'!B40 -> 5549278.9 | D37: ='[1]REV PED 2'!B40 -> 6169999 | E37: ='[1]REV PED 3'!B40 -> 3982597.1 | F37: ='[1]REV PED 4'!B40 -> 7905236.1 | G37: ='[1]REV PED 5'!B40 -> 5886889.6 | H37: ='[1]REV PED 6'!B40 -> 4313239.2 | I37: ='[1]REV PED 7'!B40 -> 6660211.4 | J37: ='[1]REV PED 8'!B40 -> 5413905.3 | K37: ='[1]REV PED 9'!B41 -> 2847041.8 | L37: ='[1]REV PED 10'!B40 -> 5954644.8 | M37: ='[1]REV PED 11'!B40 -> 6300772.2 | N37: ='[1]REV PED 12'!B40 -> 5785178.8 | O37: =SUM(C37:N37) -> 66768994
A38: WHOLESALE CANNABIS TAX | C38: ='[1]REV PED 1'!B41 -> 2834688.7 | D38: ='[1]REV PED 2'!B41 -> 3480811.5 | E38: ='[1]REV PED 3'!B41 -> 2406653.5 | F38: ='[1]REV PED 4'!B41 -> 2914369.4 | G38: ='[1]REV PED 5'!B41 -> 2899023.5 | H38: ='[1]REV PED 6'!B41 -> 2278854.4 | I38: ='[1]REV PED 7'!B41 -> 2543493.5 | J38: ='[1]REV PED 8'!B41 -> 2828111.2 | K38: ='[1]REV PED 9'!B41 -> 2847041.8 | L38: ='[1]REV PED 10'!B41 -> 2948913.6 | M38: ='[1]REV PED 11'!B42 -> 0 | N38: ='[1]REV PED 12'!B41 -> 2903308 | O38: =SUM(C38:N38) -> 30885269
C39: - | D39: - | E39: - | F39: - | G39: - | H39: - | I39: - | J39: - | K39: - | L39: - | M39: - | N39: - | O39: -
A40: TOTAL EXCISE TAXES | C40: =C22+SUM(C23:C38) -> 1.0240155e+08 | D40: =D22+SUM(D23:D38) -> 78613061 | E40: =E22+SUM(E23:E38) -> 2.774925e+08 | F40: =F22+SUM(F23:F38) -> 93645851 | G40: =G22+SUM(G23:G38) -> 47864655 | H40: =H22+SUM(H23:H38) -> 4.0669251e+08 | I40: =I22+SUM(I23:I38) -> 61269544 | J40: =J22+SUM(J23:J38) -> 64405099 | ... O40: =O22+SUM(O23:O38) -> 2.246648e+09
A43: PREPARED BY DEPARTMENT OF TAXATION

Sheet REV PED 1
A1: GROSS REVENUE COMPARISONS
A2: FOR JULY 2026 VS JULY 2025
D4: DIFFERENCE | F4: FISCAL | G4: PRIOR FISCAL | H4: DIFFERENCE
B5: JULY 2026 | C5: JULY 2025 | D5: AMOUNT | E5: PERCENT | F5: YEAR TO DATE | G5: YEAR TO DATE | H5: AMOUNT | I5: PERCENT
B6: - | C6: - | D6: - | E6: - | F6: - | G6: - | H6: - | I6: -
A7: SALES & BUSINESS TAX-FY26 JULY ACTIVITY/AUGUST COLLECTIONS
A8: ----------------------------------------------------------
A9: 2% SALES TAX | B9: 1.7359198e+08 | C9: ='FY26'!C7 -> 1.4226886e+08 | D9: =B9-C9 -> 31323124 | E9: =D9/C9 -> 0.22016852 | F9: =B9 -> 1.7359198e+08 | G9: =C9 -> 1.4226886e+08 | H9: =F9-G9 -> 31323124 | I9: =H9/G9 -> 0.22016852
A10: 2.6% LOCAL SCHOOL SUPPORT TAX | B10: 2.0430958e+08 | C10: ='FY26'!C8 -> 1.7893814e+08 | D10: =B10-C10 -> 25371441 | E10: =D10/C10 -> 0.1417889 | F10: =B10 -> 2.0430958e+08 | G10: =C10 -> 1.7893814e+08 | H10: =F10-G10 -> 25371441 | I10: =H10/G10 -> 0.1417889
A11: 1/2% BASIC CITY/COUNTY RELIEF TAX | B11: 38795882 | C11: ='FY26'!C9 -> 34403462 | D11: =B11-C11 -> 4392419.2 | E11: =D11/C11 -> 0.12767375 | F11: =B11 -> 38795882 | G11: =C11 -> 34403462 | H11: =F11-G11 -> 4392419.2 | I11: =H11/G11 -> 0.12767375
A12: 1 3/4% SUPPLEMENTAL CITY/COUNTY RELIEF TAX | B12: 1.3588124e+08 | C12: ='FY26'!C10 -> 1.2039967e+08 | D12: =B12-C12 -> 15481571 | E12: =D12/C12 -> 0.12858483 | F12: =B12 -> 1.3588124e+08 | G12: =C12 -> 1.2039967e+08 | H12: =F12-G12 -> 15481571 | I12: =H12/G12 -> 0.12858483
A13: COUNTY OPTIONAL TAX | B13: 1.0491464e+08 | C13: ='FY26'!C11 -> 94313775 | D13: =B13-C13 -> 10600862 | E13: =D13/C13 -> 0.11239993 | F13: =B13 -> 1.0491464e+08 | G13: =C13 -> 94313775 | H13: =F13-G13 -> 10600862 | I13: =H13/G13 -> 0.11239993
B14: - | C14: - | D14: - | E14: - | F14: - | G14: - | H14: - | I14: -
A15: SUBTOTAL SALES TAX | B15: =SUM(B9:B13) -> 6.5749333e+08 | C15: =SUM(C9:C13) -> 5.7032391e+08 | D15: =SUM(D9:D13) -> 87169418 | E15: =D15/C15 -> 0.15284195 | F15: =SUM(F9:F13) -> 6.5749333e+08 | G15: =SUM(G9:G13) -> 5.7032391e+08 | H15: =SUM(H9:H13) -> 87169418 | I15: =H15/G15 -> 0.15284195
A17: BUSINESS LICENSE FEE | B17: 0 | C17: 0 | D17: =B17-C17 -> 0 | E17: 0 | F17: =B17+M17 -> 0 | G17: 0 | H17: =F17-G17 -> 0 | I17: 0
A18: MODIFIED BUSINESS TAX | B18: 0 | C18: 0 | D18: =B18-C18 -> 0 | E18: 0 | F18: =B18+M18 -> 0 | G18: 0 | H18: =F18-G18 -> 0 | I18: 0
B19: - | C19: - | D19: - | E19: - | F19: - | G19: - | H19: - | I19: -
A20: TOTAL SALES & BUSINESS TAX | B20: =SUM(B15:B18) -> 6.5749333e+08 | C20: =SUM(C15:C18) -> 5.7032391e+08 | D20: =SUM(D15:D18) -> 87169418 | E20: =D20/C20 -> 0.15284195 | F20: =SUM(F15:F18) -> 6.5749333e+08 | G20: =SUM(G15:G18) -> 5.7032391e+08 | H20: =SUM(H15:H18) -> 87169418 | I20: =H20/G20 -> 0.15284195
A23: EXCISE TAXES-FY25 JULY ACTIVITY/AUGUST COLLECTIONS
A24: --------------------------------------------------
A25: CIGARETTE TAX | B25: =35319.67+8207987.53+482822.8 -> 8726130 | C25: ='FY26'!C22 -> 6634917.5 | D25: =B25-C25 -> 2091212.5 | E25: =D25/C25 -> 0.31518289 | F25: =B25 -> 8726130 | G25: =C25 -> 6634917.5 | H25: =F25-G25 -> 2091212.5 | I25: =H25/G25 -> 0.31518289
A26: OTHER TOBACCO TAX | B26: 3737525 | C26: ='FY26'!C23 -> 2825901.9 | D26: =B26-C26 -> 911623.15 | E26: =D26/C26 -> 0.32259547 | F26: =B26 -> 3737525 | G26: =C26 -> 2825901.9 | H26: =F26-G26 -> 911623.15 | I26: =H26/G26 -> 0.32259547
A27: LIQUOR TAX | B27: =3738475.73+321393.43+96462.31 -> 4156331.5 | C27: ='FY26'!C24 -> 2733254 | D27: =B27-C27 -> 1423077.5 | E27: =D27/C27 -> 0.5206532 | F27: =B27 -> 4156331.5 | G27: =C27 -> 2733254 | H27: =F27-G27 -> 1423077.5 | I27: =H27/G27 -> 0.5206532
A28: INSURANCE PREMIUM TAX | B28: 0 | C28: ='FY26'!C25 -> 0 | D28: =B28-C28 -> 0 | E28: 0 | F28: =B28 -> 0 | G28: =C28 -> 0 | H28: =F28-G28 -> 0 | I28: 0
A29: TIRE TAX | B29: 236040.52 | C29: ='FY26'!C26 -> 189639.58 | D29: =B29-C29 -> 46400.94 | E29: =D29/C29 -> 0.24467962 | F29: =B29 -> 236040.52 | G29: =C29 -> 189639.58 | H29: =F29-G29 -> 46400.94 | I29: =H29/G29 -> 0.24467962
A30: GOVERNMENTAL SERVICES FEE-SHRT TERM LESSOR | B30: 0 | C30: ='FY26'!C27 -> 0 | D30: =B30-C30 -> 0 | E30: 0 | F30: =B30 -> 0 | G30: =C30 -> 0 | H30: =F30-G30 -> 0 | I30: 0
A31: LIVE ENTERTAINMENT TAX | B31: 7992244.4 | C31: ='FY26'!C28 -> 8534430.6 | D31: =B31-C31 -> -542186.24 | E31: =D31/C31 -> -0.063529281 | F31: =B31 -> 7992244.4 | G31: =C31 -> 8534430.6 | H31: =F31-G31 -> -542186.24 | I31: =H31/G31 -> -0.063529281
A32: BANK EXCISE TAX | B32: 0 | C32: ='FY26'!C29 -> 0 | D32: =B32-C32 -> 0 | E32: 0 | F32: =B32 -> 0 | G32: =C32 -> 0 | H32: =F32-G32 -> 0 | I32: 0
A33: GOLD AND SILVER EXCISE TAX | B33: 0 | C33: ='FY26'!C30 -> 0 | D33: =B33-C33 -> 0 | E33: 0 | F33: =B33 -> 0 | G33: =C33 -> 0 | H33: =F33-G33 -> 0 | I33: 0
A34: REAL PROPERTY TRANSFER TAX | B34: 0 | C34: ='FY26'!C31 -> 0 | D34: =B34-C34 -> 0 | E34: 0 | F34: =B34 -> 0 | G34: =C34 -> 0 | H34: =F34-G34 -> 0 | I34: 0
A35: LODGING TAX | B35: ------------------------------ | C35: ------------------------------ | D35: ------------------------ | E35: ------------------ | F35: -------------------------- | G35: ------------------------- | H35: ----------------------- | I35: -----------------
A36: 3/8% FOR TOURISM | B36: =206941.02+1915457.25 -> 2122398.3 | C36: ='FY26'!C33 -> 3822995 | D36: =B36-C36 -> -1700596.8 | E36: =D36/C36 -> -0.44483363 | F36: =B36 -> 2122398.3 | G36: =C36 -> 3822995 | H36: =F36-G36 -> -1700596.8 | I36: =H36/G36 -> -0.44483363
A37: 3% TO SCHOOL SUPPORT FUND | B37: =317289.61+15102757.75 -> 15420047 | C37: ='FY26'!C34 -> 28375591 | D37: =B37-C37 -> -12955543 | E37: =D37/C37 -> -0.45657352 | F37: =B37 -> 15420047 | G37: =C37 -> 28375591 | H37: =F37-G37 -> -12955543 | I37: =H37/G37 -> -0.45657352
A38: TRANSPORTATION CONNECTION TAX | B38: =3683515.2 -> 3683515.2 | C38: ='FY26'!C35 -> 3622439.9 | D38: =B38-C38 -> 61075.33 | E38: =D38/C38 -> 0.016860274 | F38: =B38 -> 3683515.2 | G38: =C38 -> 3622439.9 | H38: =F38-G38 -> 61075.33 | I38: =H38/G38 -> 0.016860274
A39: COMMERCE TAX | B39: 20962233 | C39: ='FY26'!C36 -> 37278415 | D39: =B39-C39 -> -16316182 | E39: =D39/C39 -> -0.43768443 | F39: =B39 -> 20962233 | G39: ='FY26'!C36 -> 37278415 | H39: =F39-G39 -> -16316182 | I39: =H39/G39 -> -0.43768443
A40: RETAIL CANNABIS TAX | B40: =5403911.5 -> 5403911.5 | C40: ='FY26'!C37 -> 5549278.9 | D40: =B40-C40 -> -145367.42 | E40: =D40/C40 -> -0.026195731 | F40: =B40 -> 5403911.5 | G40: ='FY26'!C37 -> 5549278.9 | H40: =F40-G40 -> -145367.42 | I40: =H40/G40 -> -0.026195731
A41: WHOLESALE CANNABIS TAX | B41: =2324638.05 -> 2324638 | C41: ='FY26'!C38 -> 2834688.7 | D41: =B41-C41 -> -510050.62 | E41: =D41/C41 -> -0.17993179 | F41: =B41 -> 2324638 | G41: ='FY26'!C38 -> 2834688.7 | H41: =F41-G41 -> -510050.62 | I41: =H41/G41 -> -0.17993179
A43: TOTAL EXCISE TAXES | B43: - | C43: - | D43: - | E43: - | F43: - | G43: - | H43: - | I43: -
B44: =SUM(B25:B41) -> 74765015 | C44: =SUM(C25:C41) -> 1.0240155e+08 | D44: =SUM(D25:D41) -> -27636537 | E44: =D44/C44 -> -0.26988396 | F44: =SUM(F25:F41) -> 74765015 | G44: =SUM(G25:G41) -> 1.0240155e+08 | H44: =SUM(H25:H41) -> -27636537 | I44: =H44/G44 -> -0.26988396
A45: PREPARED BY DEPARTMENT OF TAXATION

Sheet REV PED 2
A1: GROSS REVENUE COMPARISONS
A2: FOR AUGUST 2026 VS AUGUST 2025
D4: DIFFERENCE | F4: FISCAL | G4: PRIOR FISCAL | H4: DIFFERENCE
B5: AUGUST 2026 | C5: AUGUST 2025 | D5: AMOUNT | E5: PERCENT | F5: YEAR TO DATE | G5: YEAR TO DATE | H5: AMOUNT | I5: PERCENT
B6: - | C6: - | D6: - | E6: - | F6: - | G6: - | H6: - | I6: -
A7: SALES & BUSINESS TAX-FY26 AUGUST ACTIVITY/SEPTEMBER COLLECTIONS
A8: ----------------------------------------------------------
A9: 2% SALES TAX | B9: 1.7483982e+08 | C9: 1.6926157e+08 | D9: 5578241.2 | E9: 0.032956335 | F9: 3.484318e+08 | G9: 3.1153043e+08 | H9: 36901366 | I9: 0.11845188
A10: 2.6% LOCAL SCHOOL SUPPORT TAX | B10: 2.0190368e+08 | C10: 2.122667e+08 | D10: -10363020 | E10: -0.048820755 | F10: 4.0621326e+08 | G10: 3.9120484e+08 | H10: 15008421 | I10: 0.038364609
A11: 1/2% BASIC CITY/COUNTY RELIEF TAX | B11: 37883090 | C11: 40561469 | D11: -2678379.1 | E11: -0.066032596 | F11: 76678972 | G11: 74964932 | H11: 1714040.1 | I11: 0.022864559
A12: 1 3/4% SUPPLEMENTAL CITY/COUNTY RELIEF TAX | B12: 1.3254481e+08 | C12: 1.419481e+08 | D12: -9403292 | E12: -0.066244578 | F12: 2.6842605e+08 | G12: 2.6234777e+08 | H12: 6078279 | I12: 0.023168784
A13: COUNTY OPTIONAL TAX | B13: 1.0314097e+08 | C13: 1.1017589e+08 | D13: -7034927.2 | E13: -0.063851783 | F13: 2.080556e+08 | G13: 2.0448967e+08 | H13: 3565934.5 | I13: 0.017438214
B14: - | C14: - | D14: - | E14: - | F14: - | G14: - | H14: - | I14: -
A15: SUBTOTAL SALES TAX | B15: 6.5031236e+08 | C15: 6.7421373e+08 | D15: -23901378 | E15: -0.035450743 | F15: 1.3078057e+09 | G15: 1.2445376e+09 | H15: 63268040 | I15: 0.050836582
A17: BUSINESS LICENSE FEE | B17: 0 | C17: 0 | D17: 0 | E17: 0 | F17: 0 | G17: 0 | H17: 0 | I17: 0
A18: MODIFIED BUSINESS TAX | B18: 0 | C18: 0 | D18: 0 | E18: 0 | F18: 0 | G18: 0 | H18: 0 | I18: 0
B19: - | C19: - | D19: - | E19: - | F19: - | G19: - | H19: - | I19: -
A20: TOTAL SALES & BUSINESS TAX | B20: 6.5031236e+08 | C20: 6.7421373e+08 | D20: -23901378 | E20: -0.035450743 | F20: 1.3078057e+09 | G20: 1.2445376e+09 | H20: 63268040 | I20: 0.050836582
A23: EXCISE TAXES-FY25 AUGUST ACTIVITY/SEPTEMBER COLLECTIONS
A24: --------------------------------------------------
A25: CIGARETTE TAX | B25: 8035311.4 | C25: 10126620 | D25: -2091308.6 | E25: -0.20651596 | F25: 16761441 | G25: 16761538 | H25: -96.12 | I25: -5.7345575e-06
A26: OTHER TOBACCO TAX | B26: 3024222 | C26: 2970153 | D26: 54069 | E26: 0.018204113 | F26: 6761747 | G26: 5796054.8 | H26: 965692.15 | I26: 0.16661198
A27: LIQUOR TAX | B27: 5352470.8 | C27: 8144484.5 | D27: -2792013.7 | E27: -0.34281036 | F27: 9508802.3 | G27: 10877738 | H27: -1368936.2 | I27: -0.1258475
A28: INSURANCE PREMIUM TAX | B28: 0 | C28: 0 | D28: 0 | E28: 0 | F28: 0 | G28: 0 | H28: 0 | I28: 0
A29: TIRE TAX | B29: 198620.31 | C29: 201584.67 | D29: -2964.36 | E29: -0.014705285 | F29: 434660.83 | G29: 391224.25 | H29: 43436.58 | I29: 0.11102732
A30: GOVERNMENTAL SERVICES FEE-SHRT TERM LESSOR | B30: 0 | C30: 0 | D30: 0 | E30: 0 | F30: 0 | G30: 0 | H30: 0 | I30: 0
A31: LIVE ENTERTAINMENT TAX | B31: 8690591.1 | C31: 9709465.5 | D31: -1018874.4 | E31: -0.1049362 | F31: 16682835 | G31: 18243896 | H31: -1561060.7 | I31: -0.085566189
A32: BANK EXCISE TAX | B32: 0 | C32: 0 | D32: 0 | E32: 0 | F32: 0 | G32: 0 | H32: 0 | I32: 0
A33: GOLD AND SILVER EXCISE TAX | B33: 0 | C33: 0 | D33: 0 | E33: 0 | F33: 0 | G33: 0 | H33: 0 | I33: 0
A34: REAL PROPERTY TRANSFER TAX | B34: 0 | C34: 0 | D34: 0 | E34: 0 | F34: 0 | G34: 0 | H34: 0 | I34: 0
A35: LODGING TAX | B35: ------------------------------ | C35: ------------------------------ | D35: ------------------------ | E35: ------------------ | F35: -------------------------- | G35: ------------------------- | H35: ----------------------- | I35: -----------------
A36: 3/8% FOR TOURISM | B36: 2227553.2 | C36: 103611.92 | D36: 2123941.2 | E36: 20.499005 | F36: 4349951.4 | G36: 3926606.9 | H36: 423344.47 | I36: 0.10781432
A37: 3% TO SCHOOL SUPPORT FUND | B37: 15248691 | C37: 206665.31 | D37: 15042026 | E37: 72.784475 | F37: 30668739 | G37: 28582256 | H37: 2086482.8 | I37: 0.072999235
A38: TRANSPORTATION CONNECTION TAX | B38: 3698768.1 | C38: 3734030.6 | D38: -35262.51 | E38: -0.0094435514 | F38: 7382283.3 | G38: 7356470.5 | H38: 25812.82 | I38: 0.0035088593
A39: COMMERCE TAX | B39: 10316976 | C39: 33765635 | D39: -23448659 | E39: -0.69445336 | F39: 31279209 | G39: 71044050 | H39: -39764841 | I39: -0.55972091
A40: RETAIL CANNABIS TAX | B40: 5540227.2 | C40: 6169999 | D40: -629771.77 | E40: -0.10207 | F40: 10944139 | G40: 11719278 | H40: -775139.19 | I40: -0.066142231
A41: WHOLESALE CANNABIS TAX | B41: 2471594.2 | C41: 3480811.5 | D41: -1009217.3 | E41: -0.28993736 | F41: 4796232.3 | G41: 6315500.2 | H41: -1519267.9 | I41: -0.24056177
A43: TOTAL EXCISE TAXES | B43: - | C43: - | D43: - | E43: - | F43: - | G43: - | H43: - | I43: -
B44: 64805026 | C44: 78613061 | D44: -13808035 | E44: -0.17564556 | F44: 1.3957004e+08 | G44: 1.8101461e+08 | H44: -41444572 | I44: -0.22895705
A45: PREPARED BY DEPARTMENT OF TAXATION
